 Dungeon Crawl Stone Soup version 0.17-a0-1767-gccbed74 (webtiles) character file.

60 cheven the Covered (level 4, -6/40 HPs)
             Began as a Hill Orc Fighter on Sept 6, 2015.
             Killed from afar by Natasha (9 damage)
             ... with a wand of flame
             ... on level 2 of the Dungeon.
             The game lasted 00:04:48 (1584 turns).

cheven the Covered (Hill Orc Fighter)               Turns: 1584, Time: 00:04:48

Health: -6/40      AC:  7    Str: 19    XL:     4   Next: 4%
Magic:  4/4        EV: 10    Int:  8    God:
Gold:   70         SH:  9    Dex: 10    Spells: 0 memorised, 3 levels left

rFire  . . .     SeeInvis .     a - +0 long sword
rCold  . . .     Clarity  .     b - +0 scale mail
rNeg   . . .     SustAt   .     c - +0 shield
rPois  .         Gourm    .     (no helmet)
rElec  .         Spirit   .     (no cloak)
rCorr  .         Warding  .     (no gloves)
rMut   .         Stasis   .     (no boots)
MR     .....                    (no amulet)
Stlth  ..........               (no ring)
                                m - +3 ring of evasion

@: not resistant to hostile enchantments, extremely unstealthy
A: no striking features
a: no special abilities


You were on level 2 of the Dungeon.
You were not hungry.

You visited 1 branch of the dungeon, and saw 2 of its levels.

You collected 70 gold pieces.

Inventory:

Hand weapons
 a - a +0 long sword (weapon)
Armour
 b - a +0 scale mail (worn)
 c - a +0 shield (worn)
Jewellery
 m - a +3 ring of evasion (left hand)
Scrolls
 d - 2 scrolls of enchant weapon {unknown}
 e - a scroll of teleportation {unknown}
 f - a scroll of fog {unknown}
 j - a scroll of amnesia
 l - 5 scrolls of remove curse
 n - a scroll of identify
Potions
 g - a potion of ambrosia
 h - a potion of degeneration {unknown}
 i - a potion of invisibility {unknown}
 k - a potion of brilliance {unknown}


   Skills:
 + Level 3.9 Fighting
 + Level 2.5 Long Blades
 + Level 4.0 Armour
 + Level 1.0 Dodging
 + Level 3.8 Shields


You had 3 spell levels left.
You didn't know any spells.

Dungeon Overview and Level Annotations

Branches:
Dungeon (2/15)

Altars:

Annotations:
D:2 Natasha


Message History

Natasha zaps a wand.
The puff of flame misses you.
Natasha wildly gestures.
You feel troubled.
Natasha zaps a wand.
The puff of flame hits you!
Natasha zaps a wand.
The puff of flame hits you!
Natasha casts a spell.
Natasha mumbles some strange words.
Natasha mumbles some strange words.
Natasha shimmers violently.
You feel yourself speed up.
The crimson imp blinks! x2
Natasha casts a spell at you. The magic dart hits you!
* * * LOW HITPOINT WARNING * * *
Natasha zaps a wand.
The puff of flame hits you!
* * * LOW HITPOINT WARNING * * *
Natasha howls an incantation.
Natasha shimmers violently.
Natasha zaps a wand.
The puff of flame hits you!
You die...

.....# ###.........###.#.#
.....###### #.........# #h#<#
..........# #.........# #.###
..........########...##.# #.#
..........#.....##.#.##.# #.#
##........#.....##.#..#.###.#
........)..........#....5...#
###########.....####h...#########
#....# ##....@....#.(......h..
#.##.#######.#########.(.########
#.##.........# ##(.#
#.############ #..# #.# #..# #.##
#..## #..# #...# ##.# ######...#
#.# ###........##


You could see Natasha.

Vanquished Creatures
  Natasha (twice) (D:2)
  A giant gecko (D:2)
  5 hobgoblins
  6 jackals (D:2)
  A quokka (D:2)
  2 bats
  2 giant newts (D:1)
  2 goblins
  3 kobolds
  A rat (D:2)
25 creatures vanquished.

Notes
Turn   | Place    | Note
--------------------------------------------------------------
     0 | D:1      | cheven the Hill Orc Fighter began the quest for the Orb.
     0 | D:1      | Reached XP level 1. HP: 19/19 MP: 1/1
   355 | D:1      | Reached XP level 2. HP: 27/27 MP: 2/2
  1073 | D:2      | Reached XP level 3. HP: 26/33 MP: 3/3
  1106 | D:2      | Noticed Natasha
  1119 | D:2      | Killed Natasha
  1119 | D:2      | Reached skill level 4 in Armour
  1454 | D:2      | Reached skill level 1 in Dodging
  1491 | D:2      | Noticed Natasha
  1499 | D:2      | Killed Natasha
  1499 | D:2      | Reached XP level 4. HP: 19/40 MP: 4/4
  1502 | D:2      | Noticed Natasha
  1582 | D:2      | HP: 2/40 [Natasha/wand of flame (10)]
  1584 | D:2      | Killed from afar by Natasha

Vault maps used:
D:1:      lemuel_arrival_lava_pool
D:2:      lemuel_upstairs_altar, hex_medium, uniq_natasha

Action                   |  1- 3 |  4- 6 || total
-------------------------+-------+-------++-------
Melee: Long sword        |    93 |     4 ||    97
  Use: Scroll            |     2 |       ||     2
       Potion            |     1 |     1 ||     2
  Eat: Bread ration      |     1 |       ||     1
